[Event "*** Titled Tuesday Blitz"]
[Site "Chess.com"]
[Date "2021.04.20"]
[Round "3"]
[White "eljanov"]
[Black "NateSolon"]
[Result "1-0"]
[WhiteElo "2882"]
[BlackElo "2638"]
[TimeControl "180+1"]
[EndTime "10:27:41 PDT"]
[Termination "eljanov won on time"]

1. d4 Nf6 2. Nf3 d5 3. Bf4 e6 4. e3 Bd6 5. Ne5 O-O 6. Nd2 c5 7.
c3 Qc7 8. Bd3 Nc6 9. Ndf3 b6 10. h4 Bb7 11. h5 Ne4 12. h6 g6 13.
Nxc6 Bxc6 14. Bxd6 Qxd6 15. Ne5 f6 16. Nxc6 Qxc6 17.
Qe2 Nd6 18. Qg4 Kf7 19. Rh3 cxd4 20. exd4 b5 21. Kf1 Rab8 22. Re1 Nc4 23. Qe2 Rfe8 24.
Rf3 Qd6 25. b3 Na3 26. g3 b4 27. cxb4 Rxb4 28. Qb2 Rb6 29. Rc1 f5 30. Re3 Nb5 31. Re2 Re7 32. Rec2 Qa3 33. Qxa3 Nxa3 34. Rc5 a6 35. Rc6 Reb7 36. Rc7+ Kf6 37. Rxb7 Rxb7 38. Bxa6 Rb4 39. Rc7 Kg5 40. Rxh7 Rxd4 41. Be2 Rd2 42.
f4+ Kf6 43. Ra7 Rxa2 44. h7 Ra1+ 45. Kg2 1-0

[Event "*** Titled Tuesday Blitz"]
[Site "Chess.com"]
[Date "2021.04.20"]
[Round "3"]
[White "NTBT_DHS"]
[Black "svilson23"]
[Result "1-0"]
[WhiteElo "2705"]
[BlackElo "2259"]
[TimeControl "180+1"]
[EndTime "10:27:42 PDT"]
[Termination "NTBT_DHS won by resignation"]

1. d4 d5 2. c4 e6 3. Nf3 c6 4. Nbd2 f5 5. g3 Nf6 6. Bg2 Bd6 7. O-O Nbd7 8. b3 O-O 9. Bb2 Ne4 10. Ne1 Nxd2 11.
Qxd2 dxc4 12. bxc4 e5 13. c5 Bc7 14. d5 cxd5 15.
Qxd5+ Kh8 16. Rd1 Qe7 17. c6 bxc6 18. Qxc6 Nb6 19. Ba3 Qxa3 20. Qxc7 e4 21. Nc2 Qa4 22. Rd8 Be6 23. Rxa8 Rxa8 24. h4 Rc8 25. Qe5 Bd7 26. Ne3 Re8 27. Qa1 Be6 28. a3 h6 29. Bh3 Qb5 30. Rb1 Qxe2 31. Bxf5 Bxf5 32. Nxf5 Qg4 33.
Ne3 Qe6 34. Qd4 Rf8 35. Rb5 Qf7 36. Ng4 Qe6 37. Ne5 e3 38. Qxe3 Nd5 39. Qe4 Ne7 40.
Rb7 Nd5 41. Ng6+ 1-0

[Event "*** Titled Tuesday Blitz"]
[Site "Chess.com"]
[Date "2021.04.20"]
[Round "3"]
[White "Steven_Rojas"]
[Black "azikom"]
[Result "1/2-1/2"]
[WhiteElo "2487"]
[BlackElo "2653"]
[TimeControl "180+1"]
[EndTime "10:27:43 PDT"]
[Termination "Game drawn by repetition"]

1. c4 e6 2. Nc3 d5 3. d4 Be7 4. e4 dxe4 5. Nxe4 Nf6 6. Nxf6+ Bxf6 7. Nf3 c5 8. Be3 Qa5+ 9. Qd2 Qxd2+ 10. Kxd2 O-O 11.
Kc2 cxd4 12. Bxd4 Bxd4 13. Nxd4 b6 14. Be2 Bb7 15. Bf3 Bxf3 16. Nxf3 Nc6 17. Rad1 Rfc8 18. b3 Rc7 19. Kb2 Kf8 20. Rd2 Ke7 21. Rhd1 h6 22.
Ne1 g5 23. Nc2 Ne5 24. Nd4 a6 25. Re2 Kf6 26. f4 gxf4 27. Rf1 Ng6 28. g3 Rd8 29. Nc2 Rcd7 30. Rff2 e5 31. Ne3 h5 32. Nd5+ Rxd5 33. cxd5 Rxd5 34. Rc2 Rd6 35. Rfd2 Re6 36.
gxf4 Nxf4 37. Rd7 Kg6 38. Rcc7 f6 39. Kc2 Kf5 40. Kd2 b5 41. Ke3 b4 42. Rc4 a5 43.
Ra7 Rd6 44. Rxa5 Rd3+ 45. Kf2 Rd2+ 46. Kf3 Rd3+ 47. Kf2 Rd2+ 48. Kf3 Rd3+ 49. Kf2 1/2-1/2

[Event "*** Titled Tuesday Blitz"]
[Site "Chess.com"]
[Date "2021.04.20"]
[Round "3"]
[White "guillembaches"]
[Black "HanSchut"]
[Result "1-0"]
[WhiteElo "2511"]
[BlackElo "2273"]
[TimeControl "180+1"]
[EndTime "10:27:44 PDT"]
[Termination "guillembaches won by resignation"]

1. e4 c5 2. Nf3 d6 3. d4 cxd4 4. Qxd4 Nc6 5. Qe3 g6 6. c4 Bg7 7.
h3 Nf6 8. Be2 O-O 9. O-O h6 10.
Nc3 Be6 11. Rd1 Rc8 12. e5 Ne8 13. exd6 exd6 14. Bd2 Ne5 15. Nxe5 dxe5 16. Qxa7 Qc7 17. Nb5 Qc6 18. Bb4 Bxc4 19. Bxc4 Qxc4 20. Bxf8 Bxf8 21.
Rdc1 Qxc1+ 22. Rxc1 Rxc1+ 23. Kh2 Rc2 24. b3 Nd6 25. Nxd6 Bxd6 26. Qxb7 e4+ 27. g3 Rxf2+ 28.
Kg1 Bxg3 29. Qxe4 h5 30. a4 h4 31. a5 Rb2 32. b4 Bh2+ 33. Kf1 Bg3 34. a6 Ra2 35.
Qc4 Rf2+ 36. Kg1 Rf4 37. Qc8+ Kh7 38. a7 Bf2+ 39. Kg2 Bxa7 40. Qc2 Rf2+ 41. Qxf2 Bxf2 42.
Kxf2 Kg7 43. b5 Kf6 44. b6 Ke7 45. b7 Kd7 46. b8=Q 1-0

[Event "*** Titled Tuesday Blitz"]
[Site "Chess.com"]
[Date "2021.04.20"]
[Round "3"]
[White "SilviusTiberius"]
[Black "Loy_Konstantin"]
[Result "1/2-1/2"]
[WhiteElo "2571"]
[BlackElo "2379"]
[TimeControl "180+1"]
[EndTime "10:27:45 PDT"]
[Termination "Game drawn by repetition"]

1. e4 c5 2. Nf3 d6 3. d4 cxd4 4. Nxd4 Nf6 5. Nc3 g6 6. Be3 Bg7 7. f3 O-O 8. Qd2 Nc6 9. O-O-O Bd7 10. h4 Rc8 11. h5 Nxh5 12. g4 Nf6 13. Nd5 Nxd4 14.
Bxd4 e5 15. Qh2 Re8 16. Be3 h5 17. Nxf6+ Qxf6 18. gxh5 Qxf3 19. Rd3 Qxh5 20. Qxh5 gxh5 21. Rxh5 Bb5 22. Rd1 Bxf1 23. Rxf1 Kf8 24. Rh7 Re6 25. Bxa7 Ra8 26. Be3 Rxa2 27. Kb1 Ra4 28. Rg1 Rg6 29. Rxg6 fxg6 30. Rh4 Kf7 31. b3 Ra8 32. Rg4 Rh8 33. c4 Rh3 34. Bd2 Rxb3+ 35. Kc2 Ra3 36. Rg1 Ra2+ 37.
Kd3 Ra3+ 38. Ke2 Rh3 39. Rb1 Rh2+ 40. Kd3 Rh3+ 41. Kc2 Rh4 42. Rxb7+ Kg8 43. Kd3 Rh3+ 44. Kc2 Rh4 45. Kd3 Rh3+ 46. Ke2 Rh2+ 47. Kd3 Rh3+ 1/2-1/2

[Event "*** Titled Tuesday Blitz"]
[Site "Chess.com"]
[Date "2021.04.20"]
[Round "3"]
[White "GM_dmitrij"]
[Black "Gahan-MG"]
[Result "1-0"]
[WhiteElo "2901"]
[BlackElo "2624"]
[TimeControl "180+1"]
[EndTime "10:27:47 PDT"]
[Termination "GM_dmitrij won by resignation"]

1. e4 c5 2. Nf3 d6 3. Bb5+ Bd7 4.
Bxd7+ Qxd7 5. c4 Nc6 6. Nc3 Nf6 7. d4 cxd4 8. Nxd4 e6 9. O-O Be7 10. Be3 O-O 11. Rc1 Rac8 12. b3 Rfd8 13. f4 a6 14. Kh1 Nxd4 15. Qxd4 Qc6 16. a4 Ng4 17. Bg1 Bf6 18. Qd3 Bxc3 19. Rxc3 Nf6 20. Re1 b5 21. axb5 axb5 22. Bd4 e5 23. cxb5 Qb7 24. Rxc8 Qxc8 25. Bg1 exf4 26. b6 Qc6 27. e5 Nd5 28. Qc4 Qb7 29.
exd6 f3 30. gxf3 Nxb6 31. Qe4 Qxe4 32. fxe4 Nc8 33. e5 f6 34. e6 Nxd6 35. Rd1 Kf8 36. Bb6 Rc8 37. Rxd6 Ke7 38. Rd7+ Kxe6 39. Rxg7 Rb8 40.
Bf2 Rxb3 41. Rxh7 Kf5 42. Kg2 Kg6 43. Rh3 Rb2 44. Rg3+ Kh5 45. Rf3 Kg6 46. Kg3 f5 47. h3 Kg5 48. h4+ Kg6 49. Rd3 Rb4 50. Kf3 Kh5 51. Bg3 f4 52. Rd5+ Kg6 53. Bf2 Ra4 54.
Kg4 Kh6 55. Rd6+ Kg7 56. h5 Kh7 57. Bd4 1-0

[Event "*** Titled Tuesday Blitz"]
[Site "Chess.com"]
[Date "2021.04.20"]
[Round "3"]
[White "nocnypako"]
[Black "maximych26"]
[Result "1-0"]
[WhiteElo "2523"]
[BlackElo "2279"]
[TimeControl "180+1"]
[EndTime "10:27:47 PDT"]
[Termination "nocnypako won by checkmate"]

1. d4 Nf6 2. c4 c5 3. d5 b5 4. Nf3 d6 5. cxb5 a6 6. b6 Qxb6 7. Nc3 g6 8. a4 Bg7 9. a5 Qd8 10. e4 O-O 11. h3 Ne8 12. Bd3 Nc7 13. O-O Bd7 14. Qe2 Bb5 15. Nxb5 axb5 16. Bxb5 Nxb5 17.
Qxb5 Qd7 18. Qc4 Na6 19. Bd2 Rfb8 20. Bc3 Qb5 21. Nd2 Nb4 22. Bxg7 Kxg7 23. Qc3+ Kg8 24.
Nc4 Na6 25. f4 Qb4 26. Nb6 Ra7 27. Nc4 Nc7 28. f5 Qxc3 29. bxc3 Rb3 30. f6 Rxc3 31.
Rac1 Rxc1 32. Rxc1 Kf8 33. fxe7+ Kxe7 34. e5 Nxd5 35. exd6+ Kd7 36. Rd1 Kc6 37. Kf2 Nc3 38. Rd3 Nd5 39. Kf3 f5 40. g4 Rf7 41. Ne5+ Kxd6 42. Nxf7+ Ke6 43. Ng5+ Ke5 44. a6 Nb6 45. a7 c4 46. Rd1 c3 47. Ke3 f4+ 48. Kd3 h6 49. Nf3+ Kd5 50. Kxc3+ Kc5 51. Ra1 Nd5+ 52. Kd2 Nc7 53. a8=Q Nxa8 54. Rxa8 h5 55. Ra4 hxg4 56.
hxg4 Kd5 57. Rxf4 Ke6 58. Ke3 Ke7 59. g5 Ke8 60. Rf6 Ke7 61. Kf4 Ke8 62. Ke5 Ke7 63. Kd5 Ke8 64. Kd6 Kd8 65. Rf8# 1-0

[Event "*** Titled Tuesday Blitz"]
[Site "Chess.com"]
[Date "2021.04.20"]
[Round "3"]
[White "Aygehovit1992"]
[Black "Hikaru"]
[Result "0-1"]
[WhiteElo "2681"]
[BlackElo "3163"]
[TimeControl "180+1"]
[EndTime "10:27:48 PDT"]
[Termination "Hikaru won by resignation"]

1. e4 e5 2. Nf3 Nc6 3. Bb5 Nge7 4.
Nc3 a6 5. Bc4 b5 6. Bb3 Ng6 7.
h4 Bc5 8. h5 Nf4 9. g3 Ne6 10.
d3 d6 11. Bd5 Bd7 12. a4 b4 13. Nb1 Rb8 14. Nbd2 O-O 15. Nb3 Ba7 16. Nh4 Ne7 17.
Bc4 c6 18. Be3 Bxe3 19. fxe3 d5 20. exd5 cxd5 21. Bxa6 Qb6 22. Bb5 Bxb5 23. axb5 Qxe3+ 24. Qe2 Qxg3+ 25. Qf2 Qxf2+ 26. Kxf2 Rxb5 27. Rhe1 f6 28. Ra7 Nc6 29. Rd7 Rd8 30. Rxd8+ Ncxd8 31. Ra1 Rb8 32. Ra6 Rc8 33. Ke3 Rxc2 34. Nf5 Rxb2 35. Na5 d4+ 36. Kf3 Ra2 37. Ra7 h6 38. Ne7+ Kh7 39. Nd5 Kh8 40. Nxb4 Rh2 41. Ra8 Kh7 42. Ke4 Rxh5 43. Rc8 Nf7 44. Kd5 Nf4+ 45. Kc6 e4 46. Nb3 Nxd3 47. Nd5 Nde5+ 48. Kc5 d3 49. Nd4 Nd7+ 50.
Kc6 Rxd5 0-1

[Event "*** Titled Tuesday Blitz"]
[Site "Chess.com"]
[Date "2021.04.20"]
[Round "3"]
[White "bilelou"]
[Black "Raja3401"]
[Result "1-0"]
[WhiteElo "2625"]
[BlackElo "2741"]
[TimeControl "180+1"]
[EndTime "10:27:48 PDT"]
[Termination "bilelou won on time"]

1. e4 c5 2. Nf3 d6 3. d4 cxd4 4. Nxd4 Nf6 5. Nc3 a6 6. h4 e5 7. Nb3 Be7 8. Be2 b5 9. g4 Bb7 10. Bf3 b4 11. Nd5 Nxd5 12. exd5 a5 13. g5 a4 14. Nd2 Ra5 15. Nc4 Rc5 16. b3 Qc7 17. Be3 Rxc4 18. bxc4 Qxc4 19. Qd3 Qc8 20. Qb5+ Nd7 21.
Qxb4 O-O 22. O-O f5 23. Rab1 Ba8 24. Qxa4 e4 25. Be2 Bxd5 26. Rfd1 Be6 27. Ba6 Qe8 28. Bc4 Bxc4 29. Qxc4+ Kh8 30. Bf4 Qh5 31. Qe6 Qxh4 32.
Bg3 Qxg5 33. Qxd7 f4 34. Rb5 Qf6 35. Qg4 fxg3 36. Qxg3 e3 37. Qxe3 Qg6+ 38. Qg3 Qxc2 39.
Re1 Bf6 40. Qxd6 Qg6+ 41. Qg3 Qc2 42. Rb8 Rg8 43. Ree8 1-0

[Event "*** Titled Tuesday Blitz"]
[Site "Chess.com"]
[Date "2021.04.20"]
[Round "3"]
[White "KonstantinB_1983"]
[Black "AndreyNeves"]
[Result "1-0"]
[WhiteElo "2506"]
[BlackElo "2243"]
[TimeControl "180+1"]
[EndTime "10:27:48 PDT"]
[Termination "KonstantinB_1983 won on time"]

1. d4 d5 2. c4 e6 3. Nc3 Be7 4.
Nf3 Nf6 5. Bf4 O-O 6. e3 a6 7.
Rc1 dxc4 8. Bxc4 b5 9. Be2 Nbd7 10. Ne5 Bb7 11. Bf3 Bxf3 12. Qxf3 Nxe5 13. dxe5 Nd5 14. Rd1 Qc8 15. Nxd5 exd5 16. Qxd5 Rd8 17. Qf3 Bb4+ 18. Ke2 Qe6 19. b3 c5 20. Rd6 Qe7 21. Rhd1 c4 22.
Rd7 Qe8 23. bxc4 bxc4 24. Qe4 h5 25. Rxd8 Rxd8 26. Rxd8 Qxd8 27. Qxc4 Qd2+ 28. Kf3 Qd1+ 29. Qe2 Qd5+ 30. e4 Qe6 31. g3 Qg4+ 32. Ke3 Bc5+ 33.
Kd3 Qe6 34. Qc2 Qd7+ 35. Ke2 Qb5+ 36. Kf3 Bb6 37. h4 Qd7 38. Kg2 Bd4 39. Qd3 Qa4 40. a3 1-0

[Event "*** Titled Tuesday Blitz"]
[Site "Chess.com"]
[Date "2021.04.20"]
[Round "3"]
[White "Kolle05"]
[Black "dodorox"]
[Result "1-0"]
[WhiteElo "2336"]
[BlackElo "2106"]
[TimeControl "180+1"]
[EndTime "10:27:48 PDT"]
[Termination "Kolle05 won on time"]

1. e4 d6 2. d4 e5 3. Nf3 Nd7 4. Nc3 Be7 5. Bc4 Ngf6 6. O-O O-O 7. Re1 c6 8. a4 Qc7 9. h3 b6 10. Bg5 a6 11. Bb3 Re8 12. Qd2 Nf8 13. Bh4 Be6 14.
Bxe6 Nxe6 15. Bg3 Nd7 16. Rad1 Rad8 17. d5 Nef8 18. dxc6 Qxc6 19. Nd5 Ng6 20. Nxe7+ Nxe7 21. Qxd6 Qxd6 22. Rxd6 Nc8 23. Rd5 f6 24. Red1 Re7 25. b3 Kf7 26. Kf1 Ke8 27. Bh4 g5 28. Bg3 Kf7 29. h4 h6 30. hxg5 hxg5 31. Nh2 Ke6 32. Ng4 Rf8 33. Ne3 Nb8 34. Nf5 Rd7 35. Rxd7 Nxd7 36.
f3 Ne7 37. Ng7+ Kf7 38. Rxd7 1-0

[Event "*** Titled Tuesday Blitz"]
[Site "Chess.com"]
[Date "2021.04.20"]
[Round "3"]
[White "Kildepiotr"]
[Black "Orest_Vovk"]
[Result "1/2-1/2"]
[WhiteElo "2645"]
[BlackElo "2462"]
[TimeControl "180+1"]
[EndTime "10:27:50 PDT"]
[Termination "Game drawn by agreement"]

1. Nf3 h6 2. g3 g5 3. d4 g4 4. Ne5 d6 5. Nd3 Bg7 6. c3 Nf6 7. Bg2 Nc6 8. e4 e5 9. dxe5 Nxe5 10.
Nxe5 dxe5 11. Qxd8+ Kxd8 12. Be3 Be6 13. Na3 c6 14.
Ke2 Kc7 15. b3 Bf8 16. Nc2 a5 17. Rhd1 a4 18. c4 Be7 19. Bd2 h5 20. Bc3 Nd7 21.
Ne3 h4 22. Nd5+ cxd5 23. cxd5 hxg3 24. dxe6 fxe6 25. hxg3 Rh2 26. Kf1 Bc5 27. Rac1 axb3 28. axb3 Ra2 29. Bxe5+ Kb6 30. Bd4 Bxd4 31. Rxd4 Ne5 32.
Kg1 Rh6 33. Rb4+ Ka7 34. Ra4+ Rxa4 35. bxa4 b6 36. a5 bxa5 37. Rc5 Nd3 38. Rxa5+ Kb6 39. Rg5 Rf6 40. Rxg4 Nxf2 41. Rf4 Rxf4 42. gxf4 Nd3 43. f5 exf5 44. exf5 Kc7 45. Be4 Ne5 46. Kf2 Kd8 47. Kg3 Ke7 48. Kf4 Kf6 1/2-1/2

[Event "*** Titled Tuesday Blitz"]
[Site "Chess.com"]
[Date "2021.04.20"]
[Round "3"]
[White "AttractiveMustard"]
[Black "Ermito2020"]
[Result "0-1"]
[WhiteElo "2391"]
[BlackElo "2601"]
[TimeControl "180+1"]
[EndTime "10:27:50 PDT"]
[Termination "Ermito2020 won on time"]

1. d4 d5 2. c4 e6 3. Nf3 Nf6 4. g3 c6 5. Qc2 Be7 6. Bg2 O-O 7. O-O b6 8. Rd1 Ba6 9. b3 Nbd7 10. a4 Rc8 11. a5 b5 12. c5 Ra8 13.
b4 Bc8 14. Nc3 Re8 15. e4 dxe4 16. Nxe4 Nxe4 17. Qxe4 Nf6 18. Qxc6 Bd7 19. Qb7 Nd5 20. c6 Bxc6 21. Qxc6 Rc8 22. Qxb5 Nc3 23. Qd3 Nxd1 24. Qxd1 Bxb4 25. Bd2 Bxd2 26. Qxd2 Qc7 27. a6 Red8 28.
Rb1 h6 29. h4 Qd6 30. Qe2 Rc6 31. Ra1 Rdc8 32. Ne5 Rc1+ 33. Rxc1 Rxc1+ 34. Kh2 Qxd4 35. Nc6 Qb6 36. Ne5 Ra1 37. Qf3 Qc7 38. Qa8+ Kh7 39. Qb7 Qxe5 40. Qxa7 Qe2 41. Bb7 g5 42. hxg5 hxg5 43.
Qe3 Qh5+ 0-1

[Event "*** Titled Tuesday Blitz"]
[Site "Chess.com"]
[Date "2021.04.20"]
[Round "3"]
[White "Genghis_K"]
[Black "UnknownxArmy"]
[Result "1/2-1/2"]
[WhiteElo "2922"]
[BlackElo "2472"]
[TimeControl "180+1"]
[EndTime "10:27:51 PDT"]
[Termination "Game drawn by stalemate"]

1. e4 e5 2. Nf3 Nc6 3. d4 exd4 4. Nxd4 Nf6 5. Nc3 Bb4 6. Nxc6 bxc6 7. Bd3 d5 8. Bd2 O-O 9. O-O Bxc3 10. Bxc3 Nxe4 11.
Bxe4 dxe4 12. Qh5 Qd5 13. Qe5 Qxe5 14. Bxe5 Be6 15. Rfe1 f5 16. Bxc7 Rac8 17. Bf4 Rfd8 18. Rad1 Kf7 19. a3 Ke8 20. Be3 a6 21. b4 Rxd1 22.
Rxd1 Rd8 23. Re1 Kf7 24. h4 g6 25. Kh2 Rd5 26. Kg3 Kg7 27. a4 h6 28. Ra1 Rd7 29.
Ra3 Rb7 30. Rc3 Bd5 31. Bc5 g5 32. hxg5 hxg5 33. a5 Kg6 34. f4 exf3 35. gxf3 f4+ 36. Kf2 Rh7 37. b5 cxb5 38. Rd3 Bc4 39. Rd6+ Kf7 40. Rxa6 Rh2+ 41. Kg1 Rxc2 42. Rc6 Rc1+ 43. Kg2 Rc2+ 44. Kg1 Rc1+ 45. Kf2 Rf1+ 46. Kg2 Rc1 47. a6 Rc2+ 48. Kg1 Rc1+ 49. Kf2 Rc2+ 50. Ke1 Ra2 51.
a7 Bd5 52. Rd6 Bxf3 53. Bd4 Ke7 54. Rg6 g4 55. Rf6 Rxa7 56. Rxf4 Ra4 57. Bc5+ Ke6 58. Rxa4 bxa4 59. Kd2 Kd5 60. Bg1 Kc4 61. Kc1 Kb3 62. Kb1 a3 63. Ka1 a2 64. Ba7 Bd5 65. Bb6 Kc2 66.
Ba7 Kd3 67. Bb8 Ke2 68. Bc7 Kf3 69. Bd6 g3 70. Bxg3 Kxg3 71. Kb2 Kf3 72. Ka1 Ke3 73. Kb2 Kd3 74. Ka1 Kc4 75. Kb2 Kb4 76. Ka1 Kb3 1/2-1/2

[Event "*** Titled Tuesday Blitz"]
[Site "Chess.com"]
[Date "2021.04.20"]
[Round "3"]
[White "ybruned"]
[Black "LifeIsAllAboutChess23"]
[Result "0-1"]
[WhiteElo "2323"]
[BlackElo "2142"]
[TimeControl "180+1"]
[EndTime "10:27:51 PDT"]
[Termination "LifeIsAllAboutChess23 won by checkmate"]

1. b3 e5 2. Bb2 Nc6 3. e3 d5 4. Bb5 Bd6 5. f4 Qh4+ 6. g3 Qe7 7.
Nf3 exf4 8. gxf4 Nf6 9. Nc3 Bxf4 10. Qe2 Bd6 11. O-O-O Bd7 12. Rhg1 Rg8 13. Bxc6 Bxc6 14. Nd4 Bd7 15. Rdf1 O-O-O 16. Ncb5 Bc5 17. Nf5 Bxf5 18. Rxf5 c6 19. Nd4 g6 20. Rf3 Ne4 21. d3 Nd6 22. Qf2 f5 23. Kb1 Rde8 24. Qd2 Nf7 25. Qc3 Ne5 26.
Rfg3 Ng4 27. e4 dxe4 28. dxe4 Bxd4 29. Qxd4 c5 30. Qa4 Qxe4 31. Qxa7 Qc6 32. Rc3 b6 33. Qa6+ Qb7 34. Qb5 Qd7 35. Rc1 Qxb5 36. a4 Qc6 37. b4 Re3 38. Rc4 Re4 39. b5 Qd5 40. Rc3 Rxa4 41. Rb3 Qc4 42. Rd1 Rd8 43. Re1 Nf2 44. Rc1 Ne4 45. Rc3 Nxc3+ 46. Bxc3 Qa2# 0-1

[Event "*** Titled Tuesday Blitz"]
[Site "Chess.com"]
[Date "2021.04.20"]
[Round "3"]
[White "Agoking701"]
[Black "akanga001"]
[Result "1-0"]
[WhiteElo "2318"]
[BlackElo "2005"]
[TimeControl "180+1"]
[EndTime "10:27:51 PDT"]
[Termination "Agoking701 won by resignation"]

1. Nc3 f5 2. d4 Nf6 3. Bg5 g6 4.
Bxf6 exf6 5. g3 Bg7 6. Bg2 O-O 7.
e3 d6 8. Nge2 c6 9. O-O Na6 10.
Nf4 Qe8 11. Re1 Bd7 12. d5 Nc5 13. dxc6 Bxc6 14. Qxd6 Bxg2 15. Kxg2 Ne4 16. Qe6+ Qxe6 17. Nxe6 Rf7 18. Nxe4 fxe4 19. Red1 Re7 20. Nf4 Rc8 21. c3 f5 22. Rd5 Rc6 23. Rad1 Kf7 24. Rd7 Rc7 25.
Rxe7+ Rxe7 26. Rd8 a6 27. Nd5 Re8 28. Rd7+ Kg8 29.
Rxb7 Rd8 30. c4 Be5 31. b4 Rc8 32. c5 Rd8 33. Ne7+ Kf8 34. Nc6 Re8 35. Nxe5 Rxe5 36.
Rxh7 Rd5 37. Ra7 Rd2 38. Rxa6 g5 39. c6 Ke7 40. b5 Kd6 41. Ra7 Rb2 42. Rd7+ Ke6 43.
a4 Rb4 44. Rb7 Kd6 45. c7 Kd7 46. b6 Rxa4 47. Rb8 Rc4 48. Rd8+ Ke7 49. c8=Q 1-0

[Event "*** Titled Tuesday Blitz"]
[Site "Chess.com"]
[Date "2021.04.20"]
[Round "3"]
[White "ZaphenathPaneah"]
[Black "rachidhuilda"]
[Result "0-1"]
[WhiteElo "1821"]
[BlackElo "2299"]
[TimeControl "180+1"]
[EndTime "10:27:51 PDT"]
[Termination "rachidhuilda won by resignation"]

1. e4 d5 2. exd5 Qxd5 3. Nc3 Qa5 4. d4 c6 5. Bc4 Nf6 6. h3 Bf5 7. Nf3 e6 8. O-O Nbd7 9. Re1 Be7 10. a3 O-O 11. b4 Bxb4 12. axb4 Qxa1 13. Qd2 Nb6 14.
Bb3 Qa6 15. Bb2 Rad8 16. Ra1 Nc4 17. Qe2 Qb6 18. Bxc4 Qxb4 19. Rb1 Bxc2 20. Qxc2 Qxc4 21. Ne5 Qxd4 22. Re1 Qc5 23. Qe2 a5 24. Ne4 Nxe4 25.
Qxe4 Qd5 26. Qg4 f6 27. Nc4 e5 28. Ne3 Qd2 29. Nf5 g6 30. Re2 Qd1+ 31. Kh2 Rd2 32.
Nh6+ Kg7 33. Rxe5 Qxg4 34. Nxg4 fxe5 35. Bxe5+ Kf7 36. Bc3 Rc2 37. Bxa5 b5 38. Bb4 Ra8 39. Ne5+ Ke6 40. Nd3 Kd5 41. Be7 c5 42. Bf6 Ke6 43. Bg7 c4 44. Nb4 Rxf2 45. Nc6 Re2 46. Nd4+ Kf7 47.
Nxe2 Kxg7 48. Nd4 Rc8 49. Nxb5 c3 50. Nd6 c2 51. Nxc8 c1=Q 52. Nd6 Qc7 53. g3 Qxd6 54. h4 Kf6 0-1

[Event "*** Titled Tuesday Blitz"]
[Site "Chess.com"]
[Date "2021.04.20"]
[Round "3"]
[White "CSB7"]
[Black "agartha01"]
[Result "1-0"]
[WhiteElo "2751"]
[BlackElo "2519"]
[TimeControl "180+1"]
[EndTime "10:27:52 PDT"]
[Termination "CSB7 won by resignation"]

1. e4 c5 2. Nf3 e6 3. d4 cxd4 4.
Nxd4 a6 5. c4 Nf6 6. Nc3 d6 7.
Be2 Be7 8. O-O O-O 9. f4 Qc7 10.
Be3 Nbd7 11. Rc1 b6 12. b4 Bb7 13. Qd3 g6 14. a3 e5 15. Nd5 Qd8 16. Nf3 Bxd5 17.
cxd5 exf4 18. Bxf4 Ng4 19. Nd4 Nge5 20. Qg3 Bh4 21.
Qe3 b5 22. Nc6 Qb6 23. Qxb6 Nxb6 24. Nxe5 dxe5 25. Be3 Na4 26. Rc6 Rfc8 27. Rfc1 Rxc6 28. dxc6 h5 29. g3 Be7 30. Bf1 Rc8 31. Ba7 Rc7 32. Bb8 Rc8 33. c7 f5 34. exf5 gxf5 35. Bh3 Bg5 36.
Rc6 Be3+ 37. Kg2 Nb6 38. Bxf5 Rf8 39. c8=Q Nxc8 40. Rxc8 1-0

[Event "*** Titled Tuesday Blitz"]
[Site "Chess.com"]
[Date "2021.04.20"]
[Round "3"]
[White "Jumbo"]
[Black "MeekMammoth2"]
[Result "1-0"]
[WhiteElo "2806"]
[BlackElo "2451"]
[TimeControl "180+1"]
[EndTime "10:27:52 PDT"]
[Termination "Jumbo won on time"]

1. e4 e5 2. Nf3 Nc6 3. Bb5 a6 4. Ba4 Nf6 5. O-O Be7 6. Re1 b5 7. Bb3 d6 8. c3 O-O 9. h3 Nb8 10. d4 Nbd7 11. Nbd2 Bb7 12. Bc2 Re8 13. Nf1 Bf8 14. Ng3 g6 15. a4 Bg7 16. Bd3 c6 17.
b4 Qc7 18. Be3 d5 19. dxe5 Nxe4 20. Bxe4 dxe4 21. Nxe4 Nxe5 22. Bd4 Rad8 23. Nxe5 Bxe5 24. Qf3 f5 25. Nc5 Bxd4 26. cxd4 Bc8 27. a5 Qd6 28. h4 Kf7 29. Rxe8 Rxe8 30. Rd1 Rd8 31. Qe3 Qf6 32. Qf4 Re8 33. Qc7+ Kg8 34. Qf4 Kg7 35. f3 Re7 36. Kh2 Kf7 37. d5 cxd5 38. Rxd5 Bb7 39. Rd6 Qc3 40. h5 1-0

[Event "*** Titled Tuesday Blitz"]
[Site "Chess.com"]
[Date "2021.04.20"]
[Round "3"]
[White "Savagelittlemole"]
[Black "FMOlexandrProhorov"]
[Result "1-0"]
[WhiteElo "2506"]
[BlackElo "2246"]
[TimeControl "180+1"]
[EndTime "10:27:52 PDT"]
[Termination "Savagelittlemole won on time"]

1. e4 c5 2. Ne2 Nc6 3. g3 d5 4. Bg2 Nf6 5. exd5 Nxd5 6. O-O Bg4 7. h3 Bh5 8. d3 e6 9. Qe1 Be7 10. Nbc3 O-O 11. Nxd5 exd5 12. Nf4 Bg6 13. Nxd5 Re8 14. Nxe7+ Rxe7 15. Qc3 Nd4 16. Kh2 Rc8 17. Be3 b6 18. Rae1 h5 19. Qd2 Qd7 20. Bxd4 cxd4 21. Rxe7 Qxe7 22. Re1 Qc7 23. Re2 h4 24. Qg5 hxg3+ 25.
fxg3 Qd6 26. h4 Kh7 27. h5 Rc5 28. hxg6+ fxg6 29. Qf4 Rh5+ 30. Kg1 Qb4 31. Bf3 Rh6 32. b3 Qc3 33. Qd2 Qa1+ 34. Qe1 Qxa2 35. Be4 Qa3 36. Rh2 Qd6 37. Rxh6+ gxh6 38. Qf2 Kg7 39. Kg2 a5 40. Qf3 h5 41. Bd5 Qe5 42. Qf7+ Kh6 43. Be4 Qg5 44. Qg8 Qd2+ 45. Kh3 1-0

[Event "*** Titled Tuesday Blitz"]
[Site "Chess.com"]
[Date "2021.04.20"]
[Round "3"]
[White "Abund"]
[Black "szachuspl"]
[Result "1-0"]
[WhiteElo "2737"]
[BlackElo "2552"]
[TimeControl "180+1"]
[EndTime "10:27:54 PDT"]
[Termination "Abund won by resignation"]

1. e4 c5 2. Nf3 e6 3. g3 Nc6 4.
Bg2 Nf6 5. Qe2 e5 6. O-O Be7 7. c3 O-O 8. Na3 Re8 9. d3 h6 10. Nc4 Bf8 11. Ne3 d6 12. Nh4 Nh7 13. Nd5 Be6 14.
Nf5 Bxd5 15. exd5 Ne7 16. Ne3 g6 17. a3 Bg7 18. b4 b6 19. bxc5 bxc5 20. Nc4 f5 21.
Bd2 Nf6 22. Rab1 Rb8 23. d4 cxd4 24. cxd4 e4 25. Bf4 Rxb1 26. Rxb1 Nexd5 27. Bd2 g5 28. Rb7 f4 29. Ba5 Qa8 30. Nxd6 f3 31. Qb5 Rf8 32.
Bh3 g4 33. Bf1 e3 34. Bc4 e2 35. Bxd5+ Nxd5 36. Qxd5+ Kh8 37. Nf7+ Kh7 38. Qe4+ Kg8 39. Nxh6+ Kh8 40. Qe7 Qxb7 41. Qxb7 Bxh6 42. h3 Re8 43.
Be1 gxh3 44. Qxf3 Bg7 45. Qh5+ 1-0

[Event "*** Titled Tuesday Blitz"]
[Site "Chess.com"]
[Date "2021.04.20"]
[Round "3"]
[White "VladaSviridova"]
[Black "Omk124"]
[Result "0-1"]
[WhiteElo "2262"]
[BlackElo "2553"]
[TimeControl "180+1"]
[EndTime "10:27:54 PDT"]
[Termination "Omk124 won by resignation"]

1. d4 Nf6 2. c4 g6 3. Nc3 d5 4. cxd5 Nxd5 5. e4 Nxc3 6. bxc3 Bg7 7. Bc4 O-O 8. Ne2 c5 9. O-O Nc6 10. Be3 Bg4 11. f3 Na5 12. Bd3 cxd4 13. cxd4 Be6 14. d5 Bxa1 15. Qxa1 f6 16. Bh6 Re8 17. Kh1 Rc8 18.
Nf4 Bd7 19. e5 Ba4 20. e6 Nc4 21. Nxg6 hxg6 22. Bxg6 Ne5 23. Be4 Bc2 24. Bxc2 Rxc2 25.
Qd1 Kh7 26. f4 Rxg2 27. Kxg2 Rg8+ 28. Bg5 Qe8 29. Kh1 Nc4 30. Qd3+ Qg6 31. Qh3+ Kg7 32. f5 Qh7 33. Qxh7+ Kxh7 34. Bc1 Rd8 35. Rf4 Ne5 36. Rd4 Nc6 37. Rd1 Nb4 38. d6 exd6 39. Ba3 Nc6 40. Bxd6 Ne7 41. Bxe7 Rxd1+ 42. Kg2 Rd5 43. Kf3 Rxf5+ 44.
Kg4 Re5 45. Bxf6 Rxe6 46. Bg5 Ra6 47. h4 Rxa2 48. Bf4 Ra4 0-1

[Event "*** Titled Tuesday Blitz"]
[Site "Chess.com"]
[Date "2021.04.20"]
[Round "3"]
[White "Durarbayli"]
[Black "GelmanAlexander"]
[Result "1-0"]
[WhiteElo "2749"]
[BlackElo "2584"]
[TimeControl "180+1"]
[EndTime "10:27:55 PDT"]
[Termination "Durarbayli won by resignation"]

1. e4 c5 2. Nf3 e6 3. d4 cxd4 4. Nxd4 a6 5. Nc3 d6 6. g4 b5 7. Bg2 Bb7 8. O-O h6 9. Re1 Nd7 10. f4 Be7 11. a3 Rc8 12. Be3 Nb6 13. Bf2 Qc7 14. Nce2 Nf6 15. Ng3 g5 16. fxg5 hxg5 17. c3 Nc4 18. Qe2 Ne5 19. h3 Nfd7 20. Rad1 Nf8 21.
Rf1 Nfg6 22. Be3 Nf4 23. Bxf4 gxf4 24. Rxf4 Ng6 25. Rff1 Nh4 26. Bh1 Qc5 27. Qf2 Rh7 28. Nh5 Kd7 29. Nf3 Rxh5 30. gxh5 Rg8+ 31. Kh2 Nxf3+ 32.
Bxf3 Qe5+ 33. Kh1 Bxe4 34. Bxe4 Qxe4+ 35. Qf3 Qh4 36. Qb7+ Ke8 37. Qc6+ Kd8 38. Qa8+ Kd7 39. Qxg8 Qxh3+ 40. Kg1 d5 41. Qg2 Bc5+ 42. Rd4 Qh4 43. Rxf7+ Kd6 44. Qh2+ 1-0